 Dungeon Crawl Stone Soup version 0.31-a0-1370-gf52a5a9ab3 (webtiles) character file.

Game seed: 17589994361266219887

7634 Monkooky the Fighter (level 11, -6/124 HPs)
             Began as an Oni Cinder Acolyte on Dec 23, 2023.
             Was a Priest of Ignis.
             Mangled by a skeletal warrior
             ... wielding a +0 halberd
              (28 damage)
             ... on level 8 of the Dungeon on Dec 24, 2023.
             The game lasted 00:28:35 (8635 turns).

Monkooky the Fighter (Oni Cinder Acolyte)           Turns: 8635, Time: 00:28:35

Health: -6/124     AC:  6    Str: 24    XL:     11   Next: 18%
Magic:  13/13      EV: 14    Int: 15    God:    Ignis [***...]
Gold:   286        SH:  0    Dex:  4    Spells: 11/13 levels left

rFire   + . .        j - melded +0 flail
rCold   . . .        (shield currently unavailable)
rNeg    + . .        P - +2 robe {rN+}
rPois   .            (helmet restricted)
rElec   .            I - +2 cloak
rCorr   +            (gloves unavailable)
SInv    .            (boots unavailable)
Will    +....        e - amulet of regeneration
Stlth   +            f - +5 ring of evasion
HPRegen 1.20/turn    d - ring of resist corrosion
MPRegen 0.13/turn

%: no passive effects
@: blade hands
A: large, unfitting armour, horns 1, tough skin 1, double potion healing,
drunken brawling
a: Begin Untransformation, Renounce Religion, Fiery Armour, Foxfire Swarm,
Rising Flame


You were on level 8 of the Dungeon.
You worshipped Ignis.
Ignis was most pleased with you.
You had blades for hands.
You visited 1 branch of the dungeon, and saw 8 of its levels.
You also visited: Sewer and Ossuary.

You collected 412 gold pieces.
You spent 126 gold pieces at shops.

Inventory:

Hand Weapons
 a - a +0 mace of flaming
 j - a +0 flail (melded)
 z - a +1 dagger of electrocution
 J - a +1 heavy flail
Missiles
 L - 2 throwing nets
 S - 5 curare-tipped darts
Armour
 b - a +0 robe
 y - +0 steam dragon scales
 I - a +2 cloak (worn)
 P - a +2 robe of positive energy (worn)
Magical Staves
 R - the staff of Jueceg {rF+ rCorr Fire}
   (You found it on level 7 of the Dungeon)

   [staff of fire]

   Base accuracy: +5 Base damage: 5 Base attack delay: 1.2 This weapon's minimum
   attack delay (0.6) is reached at skill level 12.
   rF+:       It protects you from fire.
   rCorr:     It protects you from acid and corrosion.
   Fire:      It increases the power of your Fire spells.
   It falls into the 'Staves' category.
   It is a one-handed weapon.
Jewellery
 d - a ring of resist corrosion (right blade hand)
 e - an amulet of regeneration (around neck)
 f - a +5 ring of evasion (left blade hand)
 u - a ring of positive energy
 M - a ring of poison resistance
 Q - a ring of willpower
Talismans
 x - a blade talisman (active)
 O - a beast talisman
Wands
 B - a wand of paralysis (16)
Scrolls
 g - a scroll of enchant armour
 i - a scroll of silence
 k - 2 scrolls of brand weapon {unknown}
 l - 2 scrolls of revelation {unknown}
 m - a scroll of teleportation
 o - 2 scrolls of immolation {unknown}
 p - 2 scrolls of summoning {unknown}
 r - 2 scrolls of vulnerability {unknown}
 s - 3 scrolls of fear
 t - a scroll of fog {unknown}
 v - a scroll of noise
Potions
 c - 2 potions of lignification
 h - 3 potions of degeneration {unknown}
 q - a potion of cancellation {unknown}
 w - 4 potions of curing {unknown}
 A - a potion of invisibility {unknown}
 C - a potion of attraction {unknown}
 E - a potion of ambrosia {unknown}
 F - 2 potions of might {unknown}
 G - a potion of resistance {unknown}
 H - 2 potions of magic {unknown}
 K - a potion of mutation {unknown}
 N - 2 potions of haste {unknown}
 T - a potion of enlightenment {unknown}


   Skills:
 - Level 12.5 Fighting
 - Level 3.4 Maces & Flails
 - Level 1.7 Armour
 - Level 1.7 Dodging
 - Level 7.0 Unarmed Combat
 - Level 1.7 Spellcasting
 - Level 2.6 Fire Magic
 + Level 10.4 Shapeshifting


You had 11 spell levels left.
You knew the following spells:

 Your Spells              Type           Power      Damage    Failure   Level
a - Scorch                Fire           18%        2d5       12%         2

Your spell library contained the following spells:

 Spells                   Type           Power      Damage    Failure   Level
 Freeze                   Ice            4%         1d3       22%         1
 Sandblast                Erth           2%         2d4       22%         1
 Ensorcelled Hibernation  Hex/Ice        2%         N/A       34%         2
 Passwall                 Alch/Erth      0%         N/A       34%         2
 Frozen Ramparts          Ice            2%         1d1       56%         3
 Hailstorm                Conj/Ice       1%         3d5       56%         3
 Stone Arrow              Conj/Erth      2%         3d7       56%         3
 Swiftness                Air            1%         N/A       56%         3
 Brom's Barrelling Bould  Conj/Erth      1%         2d3       92%         4
 Alistair's Intoxication  Alch           0%         N/A       99%         5
 Borgnjor's Vile Clutch   Necr/Erth      0%         N/A       99%         5
 Eringya's Noxious Bog    Alch           0%         4d6       100%        6


Dungeon Overview and Level Annotations

Branches:
Dungeon (8/15)             Temple (0/1) D:6            Lair (0/5) D:8
  Sewer (visited)         Ossuary (visited)

Altars:
Ashenzari
Nemelex Xobeh
The Shining One

Shops:
D:2 ?

Annotations:
D:4 exclusion: 2 downstairs
D:6 exclusion: 2 downstairs


Innate Abilities, Weirdness & Mutations

You have blades for hands.
You are incapable of wielding weapons or throwing items.
You are too large for most types of armour.
You have a pair of small horns on your head.
You have tough skin. (AC +1)
You gain doubled healing and magic from potions.
Whenever you drink a healing potion, you attack all around you.


Message History

Aiming: Fastroot
Press: ? - help, Shift-Dir - straight line, f - skeletal warrior
Aim: a skeletal warrior, wielding a +0 halberd and wearing a +0 chain mail The roots erupt in riotous growth!
Roots grab the skeletal warrior.
The grasping roots constrict the skeletal warrior, but do no damage.
The skeletal warrior hits you from afar with a +0 halberd!!
* * * LOW HITPOINT WARNING * * *
The grasping roots constrict the skeletal warrior, but do no damage.
The roots release their grip on the skeletal warrior.
You see here a +0 halberd.
The skeletal warrior attacks as it pursues you!
The skeletal warrior barely misses you.
Things that are here:
a +0 giant club; a +0 giant club; a +0 war axe
Okay, then.
Okay, then.
Okay, then.
Activating: Foxfire Swarm
Press: ? - help, Dir - look around, f - activate Flames leap up around you!
The skeletal warrior hits you from afar with a +0 halberd!!
* * * LOW HITPOINT WARNING * * *
Your foxfire dissipates!
The foxfire hits the skeletal warrior but does no damage.
The skeletal warrior attacks as it pursues you!
The skeletal warrior barely misses you.
You savour every drop.
You feel much better.
The skeletal warrior hits you from afar with a +0 halberd!
* * * LOW HITPOINT WARNING * * *
Okay, then.
Aiming: Fastroot
Press: ? - help, Shift-Dir - straight line, f - skeletal warrior
Aim: a skeletal warrior, wielding a +0 halberd and wearing a +0 chain mail (ally target)
The roots erupt in riotous growth!
Roots grab the skeletal warrior.
The now-empty wand crumbles to dust.
The grasping roots constrict the skeletal warrior, but do no damage.
The skeletal warrior hits you from afar with a +0 halberd!!
You die...

...≈≈## ########.# #.. ....§§##
....^....# #.# ....§≈≈#
########.# #.# .....§§#
#.##########.# #.....≈###
#............# #..'.#
#.###########. #####..'.# ###.#
#. #....§≈#.#########.[.#########
#( ....z.≈#.)....z)@v......#...8
#.
.....≈≈#.#########......#...####.
...z§≈##..#######.......#._......
...§≈##....##.....#.....#...###.(
..≈≈##......#.###.......#...8#...
.§§# #..................########.
≈§# ##...###.####.........#####.
########.## #.# ####.......)....
.........# #.# #......~.....


You could see a skeletal warrior (rooted, ally target).

Vanquished Creatures
  A two-headed ogre (D:8)
  3 skeletal warriors (D:8)
  Pikel (D:6)
  An oklob plant (D:7)
  Joseph (D:7)
  A troll (D:8)
  A steam dragon (D:4)
  Edmund (D:5)
  A water moccasin (D:8)
  2 black bears (D:7)
  An ice beast (D:5)
  2 sky beasts
  5 ogres
  4 wolves (D:8)
  3 phantoms
  2 kobold brigands (D:8)
  3 bullfrogs
  2 scorpions
  3 water moccasin zombies (Ossuary)
  A burial acolyte (Ossuary)
  5 wights
  An electric eel (D:8)
  2 howler monkeys
  4 hounds
  12 jellies (D:7)
  A gnoll bouda (D:4)
  3 orc priests
  A spectral scorpion (Ossuary)
  4 iguanas
  5 orc wizards
  A hell rat (Sewer)
  A crocodile zombie (Ossuary)
  A bullfrog simulacrum (Ossuary)
  2 mummies (Ossuary)
  9 adders
  7 gnolls
  2 shadow imps
  2 bombardier beetles (D:5)
  3 white imps
  2 ufetubi (D:6)
  2 adder zombies (Ossuary)
  2 worms
  A dart slug (D:4)
  32 orcs
  15 endoplasms
  3 giant cockroaches
  8 gnoll zombies (Ossuary)
  3 goblins
  6 hobgoblins
  2 jackals (D:4)
  13 kobolds
  3 quokkas
  7 ball pythons
  4 bats
  2 frilled lizards
  A jackal zombie (Ossuary)
  4 orc zombies (Ossuary)
  5 rats
220 creatures vanquished.

Vanquished Creatures (others)
  A foxfire (D:8)
1 creature vanquished.

Grand Total: 221 creatures vanquished

Notes
Turn   | Place    | Note
-------+----------+-------------------------------------------
     0 | D:1      | Monkooky the Oni Cinder Acolyte began the quest for the
                  | Orb.
     0 | D:1      | Reached XP level 1. HP: 24/24 MP: 2/2
   199 | D:1      | Reached XP level 2. HP: 33/33 MP: 3/3
   208 | D:1      | You fall into a shaft and drop 1 floor!
   217 | D:2      | Reached skill level 5 in Fighting
   686 | D:1      | Reached XP level 3. HP: 39/42 MP: 5/5
  1035 | D:2      | Found Nuutuwk's Magic Scroll Shop.
  1038 | D:2      | Bought a scroll of identify for 28 gold pieces
  1095 | D:2      | Learned a level 2 spell: Scorch
  1299 | D:2      | Found a sparkling altar of Nemelex Xobeh.
  1555 | D:2      | Reached XP level 4. HP: 46/50 MP: 3/6
  1607 | D:2      | Reached skill level 1 in Armour
  2149 | D:2      | Bought a scroll of teleportation for 42 gold pieces
  2158 | D:3      | Reached skill level 1 in Dodging
  2276 | D:3      | Found a glowing drain.
  2320 | Sewer    | Entered a sewer
  2454 | D:3      | Reached skill level 6 in Fighting
  2454 | D:3      | Reached XP level 5. HP: 45/59 MP: 0/7
  2734 | D:3      | Found a faded altar of an unknown god.
  2946 | D:2      | Bought a scroll of fear for 56 gold pieces
  3197 | D:4      | Noticed a steam dragon
  3210 | D:4      | Killed a steam dragon
  3211 | D:4      | Reached XP level 6. HP: 62/67 MP: 1/8
  3399 | D:4      | Reached XP level 7. HP: 44/75 MP: 1/9
  3487 | D:4      | Found a sand-covered staircase.
  3494 | Ossuary  | Entered an ossuary
  3571 | Ossuary  | Reached skill level 5 in Shapeshifting
  3972 | Ossuary  | Reached XP level 8. HP: 65/81 MP: 1/10
  4589 | D:5      | Entered Level 5 of the Dungeon
  4589 | D:5      | Noticed Edmund
  4703 | D:5      | Found a glowing golden altar of the Shining One.
  4987 | D:5      | Killed Edmund
  5274 | D:5      | Identified the +3 spear "Abud" {freeze, Will+}
  5534 | D:5      | Reached XP level 9. HP: 89/89 MP: 4/11
  6285 | D:6      | Found a staircase to the Ecumenical Temple.
  6650 | D:6      | Noticed Pikel
  6655 | D:6      | Killed Pikel
  6656 | D:6      | Reached skill level 10 in Shapeshifting
  6705 | D:6      | Identified the +1 falchion of Dissatisfaction {heavy, rF+
                  | Str+5}
  6871 | D:7      | Noticed Joseph
  7028 | D:7      | Identified the staff of Jueceg {rF+ rCorr Fire}
  7193 | D:7      | Reached skill level 5 in Unarmed Combat
  7369 | D:7      | Reached XP level 10. HP: 97/98 MP: 9/12
  7545 | D:7      | Killed Joseph
  7676 | D:7      | Noticed an oklob plant
  7823 | D:7      | Killed an oklob plant
  7824 | D:7      | Reached skill level 7 in Fighting
  7948 | D:8      | Found a sparkling altar of Nemelex Xobeh.
  7959 | D:8      | Reached skill level 8 in Fighting
  8043 | D:8      | Reached skill level 9 in Fighting
  8057 | D:8      | Found a staircase to the Lair.
  8163 | D:8      | Noticed a skeletal warrior
  8163 | D:8      | Noticed a skeletal warrior
  8163 | D:8      | Noticed a two-headed ogre
  8163 | D:8      | Noticed a skeletal warrior
  8186 | D:8      | Killed a skeletal warrior
  8187 | D:8      | Reached skill level 10 in Fighting
  8189 | D:8      | Killed a two-headed ogre
  8190 | D:8      | Reached skill level 11 in Fighting
  8195 | D:8      | Killed a skeletal warrior
  8196 | D:8      | Reached skill level 12 in Fighting
  8196 | D:8      | Reached XP level 11. HP: 81/124 MP: 13/13
  8367 | D:8      | Found a broken altar of Ashenzari.
  8382 | D:8      | Paralysed by an orc for 4 turns
  8608 | D:8      | Noticed a skeletal warrior
  8624 | D:8      | Killed a skeletal warrior
  8632 | D:8      | HP: 4/124 [skeletal warrior/+0 halberd (25)]
  8635 | D:8      | Mangled by a skeletal warrior

Illustrated notes

Levels and vault maps discovered:
D:1:      scummos_arrival_hexagon, layout_basic
D:2:      layout_basic, basic_altar, serial_shops, nicolae_shop_behind_doors,
          kennysheep_nub, nicolae_eternal_life, minmay_misc_feat_four_crosses,
          minmay_misc_feat_plants, minmay_split_cup_small
D:3:      layout_rooms, shapermc_ecumenical_altar_acropolis,
          cheibrodos_sewer_entry_drain, minmay_fractal_squares_gapless_5
D:4:      layout_rooms, enter_ossuary_2, chequers_serial_rivers_small_a
D:5:      layout_cave_pools, mainiacjoe_overflow_six_doors_small,
          grunt_ministairs_15, uniq_edmund
D:6:      layout_gridville, temple_statues, uniq_pikel
D:7:      lemuel_slime, layout_cave_pools, uniq_joseph
D:8:      layout_loops_ring, mainiacjoe_overflow_tiny_flanked,
          nicolae_overflow_hidden_temple, mainiacjoe_overflow_alcove_2,
          erik_lair_island, kennysheep_cross_room

Skill      XL: |  1  2  3  4  5  6  7  8  9 10 |
---------------+-------------------------------+-----
Fighting       | 5 6 12 | 12.5
Armour         | 1 |  1.7
Dodging        | 1 |  1.7
Shapeshifting  | 2 4 6 8 10 | 10.4
Unarmed Combat | 5 7 |  7.0
Maces & Flails | |  3.4
Spellcasting   | |  1.7
Fire Magic     | |  2.6

Action                     |  1- 3 |  4- 6 |  7- 9 | 10-12 || total
---------------------------+-------+-------+-------+-------++-------
  Melee: Mace              |    83 |    66 |   113 |       ||   262
         Headbutt          |     4 |     5 |    45 |    17 ||    71
         Punch             |     1 |     1 |     3 |     1 ||     6
         Flail             |       |       |    91 |       ||    91
         Unarmed           |       |       |    57 |   142 ||   199
   Cast: Scorch            |     6 |    30 |   116 |     5 ||   157
 Invoke: Fiery Armour      |       |     1 |     1 |     3 ||     5
         Foxfire Swarm     |       |       |       |     1 ||     1
  Evoke: Wand              |       |     1 |     3 |     2 ||     6
    Use: Scroll            |     2 |     1 |     5 |       ||     8
         Potion            |       |       |       |     4 ||     4
 Armour: Robe              |    61 |    39 |    84 |    89 ||   273
         Steam dragon scal |       |    17 |   161 |       ||   178
  Dodge: Dodged            |    50 |    63 |   250 |    77 ||   440
   Form: Blade             |       |       |     1 |       ||     1
         Beast             |       |       |     1 |       ||     1

Table legend: (Time is in decaauts)
 A = Elapsed time spent in this place.
 B = Non-inter-level travel time spent in this place.
 C = Inter-level travel time spent in this place.
 D = Time resting spent in this place.
 E = Time spent auto-exploring this place.
 F = Levels seen in this place.
 G = Mean time per level.
                   A        B        C        D        E       F      G
               +--------+--------+--------+--------+--------+-----+--------+
         Total |   8726 |   8376 |    350 |   1031 |   5493 |  10 |  872.6 |
       Dungeon |   8025 |   7675 |    350 |    912 |   5163 |   8 | 1003.1 |
         Sewer |    102 |    102 |      0 |      0 |     52 |   1 |  102.0 |
       Ossuary |    598 |    598 |      0 |    119 |    278 |   1 |  598.0 |
               +--------+--------+--------+--------+--------+-----+--------+

Top non-repeatable levels by time:
     D:2: 1302 daAuts
     D:4: 1109 daAuts
     D:5: 1040 daAuts
     D:6: 982 daAuts
     D:1: 970 daAuts
     D:3: 966 daAuts
     D:7: 927 daAuts
     D:8: 726 daAuts
 Ossuary: 598 daAuts
   Sewer: 102 daAuts
